 Seeded DCSS version 0.30.1-9-gdf580d7c3d (webtiles) character file.

Game seed: 9106806156630997546 (custom seed)

15507 Psyclone the Thaumaturge (level 12, -2/115 HPs)
             Began as a Deep Elf Conjurer on Sept 27, 2023.
             Was an Initiate of Ashenzari.
             Slain by a stone giant (6 damage)
             ... in a volcano.
             The game lasted 00:58:02 (14991 turns).

Psyclone the Thaumaturge (Deep Elf Conjurer)       Turns: 14991, Time: 00:58:02

Health: -2/115     AC: 26    Str:  4    XL:     12   Next: 1%
Magic:  10/28      EV:  2    Int: 31    God:    Ashenzari [......]
Gold:   287        SH:  5    Dex: 17    Spells: 7/31 levels left

rFire   . . .        a - +9 mace of World Downfall {flame, Will+ SInv}
rCold   . . .        (no shield)
rNeg    . . .        U - melded +2 robe {rC+}
rPois   +            y - melded +0 helmet
rElec   .            R - melded scarf {repulsion}
rCorr   .            t - melded +0 pair of gloves
SInv    +            F - melded +2 pair of boots
Will    ++...        M - amulet of Luotuh {Reflect Int+2 Dex+4 SH+5 SInv Stlth-}
Stlth   +            q - +5 ring of evasion
HPRegen 0.39/turn    Q - +5 ring of evasion
MPRegen 0.21/turn

%: reflection
@: tree-form, studying Throwing
A: stationary, stasis, torment immunity, boosted hp
a: Renounce Religion, Curse Item


You were in a volcano.
You worshipped Ashenzari.
Ashenzari was noncommittal.
You were a tree.
You visited 3 branches of the dungeon, and saw 13 of its levels.
You also visited: Sewer and Volcano.

You collected 811 gold pieces.
You spent 524 gold pieces at shops.

Inventory:

Hand Weapons
 a - the +9 mace of World Downfall (weapon) {flame, Will+ SInv}
   (You found it on level 4 of the Dungeon)

   SInv:      It lets you see invisible.
   Will:      It increases your willpower.
 J - a +5 dagger
Missiles
 O - a curare-tipped dart
 P - a throwing net {!f}
Armour
 t - a +0 pair of gloves (melded)
 y - a +0 helmet (melded)
 F - a +2 pair of boots (melded)
 H - a +0 cloak
 K - a scarf of shadows
 R - a scarf of repulsion (melded)
 U - a +2 robe of cold resistance (melded)
Jewellery
 i - a ring of poison resistance
 p - a ring of flight
 q - a +5 ring of evasion (left branch)
 M - the amulet of Luotuh (around neck) {Reflect Int+2 Dex+4 SH+5 SInv Stlth-}
   (You bought it in a shop on level 1 of the Dungeon)

   [amulet of reflection]

   It reflects blocked missile attacks.
   Int:       It affects your intelligence (+2).
   Dex:       It affects your dexterity (+4).
   SInv:      It lets you see invisible.
   SH:        It affects your SH (+5).
   Stlth:     It makes you less stealthy.
 Q - a +5 ring of evasion (right branch)
 S - a ring of ice
Wands
 s - a wand of polymorph (7)
 A - a wand of paralysis (3)
Scrolls
 c - 3 scrolls of teleportation
 d - 2 scrolls of blinking {unknown}
 j - a scroll of noise {unknown}
 n - 6 scrolls of poison {unknown}
 o - 5 scrolls of enchant armour {unknown}
 r - a scroll of vulnerability {unknown}
 u - a scroll of fog {unknown}
 v - 5 scrolls of brand weapon {unknown}
 w - 4 scrolls of identify {@r1}
 B - 2 scrolls of fear {unknown}
 D - 3 scrolls of immolation {unknown}
 E - 2 scrolls of enchant weapon {unknown}
 L - a scroll of magic mapping
 N - a scroll of silence {unknown}
Potions
 b - 3 potions of magic
 e - 5 potions of curing
 f - a potion of berserk rage {unknown}
 g - 5 potions of brilliance {unknown}
 k - 3 potions of attraction {unknown}
 l - 2 potions of might {unknown}
 m - a potion of haste {unknown}
 x - 2 potions of flight
 G - 2 potions of mutation


   Skills:
 + Level 9.7 Fighting
 - Level 9.0 Dodging
 - Level 2.4 Stealth
 - Level 10.0 Spellcasting
 - Level 10.0 Conjurations
 - Level 6.0 Hexes
 - Level 6.0 Fire Magic
 - Level 6.0 Air Magic
 - Level 6.0 Poison Magic


You had 7 spell levels left.
You knew the following spells:

 Your Spells              Type           Power      Damage    Failure   Level
a - Magic Dart            Conj           100%       1d8       1%          1
b - Searing Ray           Conj           100%       2d8       1%          2
c - Mephitic Cloud        Conj/Pois/Air  57%        N/A       1%          3
d - Fulminant Prism       Conj/Hex       30%        3d16      1%          4
e - Scorch                Fire           100%       2d9       1%          2
f - Fireball              Conj/Fire      30%        3d13      3%          5
g - Flame Wave            Conj/Fire      60%        2d14      1%          4
s - Ignite Poison         Fire/Tmut/Pois 40%        N/A       1%          3

Your spell library contained the following spells:

 Spells                   Type           Power      Damage    Failure   Level
 Foxfire                  Conj/Fire      100%       2x1d9     1%          1
 Sting                    Tmut/Pois      100%       1d8       1%          1
 Dazzling Flash           Conj/Hex       100%       N/A       1%          3
 Apportation              Tloc           30%        N/A       3%          1
 Iskenderun's Mystic Bla  Conj/Tloc      46%        2d10      4%          4
 Leda's Liquefaction      Hex/Erth       17%        N/A       10%         4
 Starburst                Conj/Fire      30%        6d9       19%         6
 Alistair's Intoxication  Tmut/Pois      22%        N/A       26%         5
 Summon Mana Viper        Hex/Summ       34%        N/A       26%         5
 Summon Ice Beast         Ice/Summ       15%        N/A       32%         4
 Plasma Beam              Fire/Air       25%        2x1d41    38%         6
 Lee's Rapid Deconstruct  Erth           7%         3d7*      65%         5
 Summon Forest            Summ/Tloc      7%         N/A       65%         5
 Statue Form              Tmut/Erth      10%        N/A       99%         6
 Summon Cactus Giant      Summ           7%         N/A       99%         6
 Monstrous Menagerie      Summ           7%         N/A       100%        7


Dungeon Overview and Level Annotations

Branches:
Dungeon (11/15) Zot: 25544  Temple (1/1) D:5 Zot: 5816    Lair (1/5) D:9 Zot: 5610
    Orc (0/2) D:11          Sewer (visited)         Volcano (1/1) Zot: 5234

Altars:
Ashenzari
Cheibriados
Dithmenos
Elyvilon
Fedhas
Gozag
Hepliaklqana
Kikubaaqudgha
Makhleb
Nemelex Xobeh
Okawaru
Qazlal
Ru
Sif Muna
Trog
Uskayaw
Vehumet
Wu Jian
Xom
Yredelemnul
Zin
The Shining One

Shops:
D:1 =   D:4 [

Annotations:
D:4 exclusions: downstairs and 1 more exclusion
D:10 3 runed translucent doors, 2 exclusions


Message History

Your fulminant prism crackles loudly.
The stone giant hits you!
* * * LOW HITPOINT WARNING * * *
You take 16 damage, and have 24/115 hp.
You feel much better.
Your fulminant prism explodes!
The blast of energy engulfs the stone giant!
The stone giant is severely wounded.
The stone giant hits you!
You regained 11 hp, and now have 35/115 hp.
Casting: Fulminant Prism (mildly dangerous; 1% risk of failure)
Confirm with . or Enter, or press ? or * to list all spells.
Aiming: Fulminant Prism (mildly dangerous; 1% risk of failure)
Press: ? - help, Dir - move target You conjure a prism of explosive energy!
A fulminant prism comes into view.
The stone giant hits you!!
* * * LOW HITPOINT WARNING * * *
You take 19 damage, and have 16/115 hp.
You now have 12/28 mp.
It was a potion of curing.
You feel better.
Your fulminant prism crackles loudly.
The stone giant hits you but does no damage.
You regained 5 hp, and now have 21/115 hp.
You feel better.
Your fulminant prism explodes!
The blast of energy engulfs the stone giant!!
The stone giant is almost dead.
The stone giant hits you!!
* * * LOW HITPOINT WARNING * * *
You take 17 damage, and have 4/115 hp.
Casting: Fulminant Prism (mildly dangerous; 1% risk of failure)
Confirm with . or Enter, or press ? or * to list all spells.
Aiming: Searing Ray (safe; 1% risk of failure)
Press: ? - help, Shift-Dir - straight line, f - stone giant
Aim: a stone giant, quivering large rocks (almost dead, 100% to hit)
The searing ray hits the stone giant.
The stone giant is almost dead. (Press . to maintain the ray.)
The stone giant hits you.
You die...

§≈≈≈≈≈§≈≈≈≈≈§≈≈≈≈§≈§≈§≈§≈§§≈≈≈≈≈°
≈≈≈≈≈§§≈§§§≈≈§§≈§≈§≈≈§§≈≈§≈≈§≈≈≈≈
≈≈≈≈≈§≈≈≈§≈≈≈§≈§§§≈≈≈§≈≈≈≈§≈§°≈°§
§§§§≈§≈≈≈≈§≈≈≈§≈§≈§≈≈≈≈≈≈§§≈§≈≈§§
≈§§≈§≈≈≈§§≈≈≈§§≈≈≈≈≈≈≈≈≈§≈§§≈≈≈§§
≈≈.C§...§.....§...C.≈≈≈≈≈§≈§ §≈≈≈
≈§.########)########§≈≈§§≈≈§ ≈§§
§.C# #C#..C...#§≈≈§≈≈≈≈ ≈≈ ≈§.#
#.#.#)♣..#§§§≈≈≈≈≈ ≈ ≈≈.#
#.#.#!)$.#.≈≈§≈≈≈≈ § ≈≈.#
#.#.#$)$.#§≈≈≈≈≈§§ §
≈≈C######.#.#C######..≈≈≈≈§§ ≈
§≈.#......#.#......#.§≈≈≈≈§§ ≈
≈≈.###''###)###++###.§≈≈≈≈≈≈ §
≈≈.# #...).#....#.≈§§≈≈≈≈ § §≈.#
.#.8_8.#..∩.#.§≈§§≈≈≈≈≈≈§§ ≈≈.#
..9'.....'....#C≈≈§≈§§≈≈≈§§§


You could see a stone giant.

Vanquished Creatures
  Erica (Lair:1)
  Fannar (Lair:1)
  A tengu warrior (D:11)
  An ugly thing (D:11)
  A black mamba (Lair:1)
  A molten gargoyle (Volcano)
  2 gargoyles (Volcano)
  3 cane toads (Lair:1)
  A komodo dragon (Lair:1)
  An efreet (Volcano)
  A troll (D:9)
  Prince Ribbit (D:9)
  A tyrant leech (shapeshifter) (D:8)
  Sigmund (D:3)
  2 shadows
  12 yaks
  4 wraiths
  The ghost of Gatsu the Chopper, an amateur HOFi (D:4)
  A wyvern (D:8)
  A fire elemental (Volcano)
  A steam dragon (D:9)
  2 fire bats (Volcano)
  A water moccasin (D:7)
  A warg (D:11)
  An acid dragon (D:10)
  A black bear (D:7)
  4 orc warriors
  3 sky beasts (D:7)
  3 centaurs
  An ogre (D:4)
  A phantom (D:5)
  8 kobold brigands
  5 bullfrogs
  2 gnoll sergeants
  4 scorpions
  An earth elemental (Volcano)
  16 wights
  11 killer bees
  5 howler monkeys
  6 lava snakes (Volcano)
  2 hounds (D:7)
  2 jellies
  5 orc priests
  A gnoll bouda (D:5)
  Crazy Yiuf (D:2)
  A sleepcap (D:6)
  Jessica (D:2)
  Natasha (thrice) (D:3)
  3 iguanas
  9 orc wizards
  A mummy (D:5)
  Robin (D:2)
  9 adders
  17 gnolls
  5 river rats
  A white imp (D:5)
  A worm (D:2)
  2 dart slugs
  24 orcs
  10 ball pythons
  5 bats
  5 endoplasms
  4 giant cockroaches
  22 goblins
  2 hobgoblins
  5 jackals
  30 kobolds
  A quokka (D:4)
  5 frilled lizards
  7 rats
300 creatures vanquished.

Vanquished Creatures (others)
  74 fulminant prisms
74 creatures vanquished.

Grand Total: 374 creatures vanquished

Notes
Turn   | Place    | Note
-------+----------+-------------------------------------------
     0 | D:1      | Psyclone the Deep Elf Conjurer began the quest for the Orb.
     0 | D:1      | Reached XP level 1. HP: 10/10 MP: 6/6
   281 | D:1      | Reached XP level 2. HP: 15/15 MP: 4/8
   284 | D:1      | Learned a level 2 spell: Searing Ray
   317 | D:1      | Found Cetaas's Jewellery Emporium.
   687 | D:2      | Found a stormy altar of Qazlal.
   854 | D:2      | You fall into a shaft and drop 1 floor!
  1166 | D:2      | Noticed Jessica
  1169 | D:2      | Killed Jessica
  1170 | D:2      | Reached skill level 5 in Conjurations
  1170 | D:2      | Reached XP level 3. HP: 19/19 MP: 6/10
  1277 | D:2      | Noticed Robin
  1379 | D:2      | Killed Robin
  1380 | D:2      | Reached XP level 4. HP: 21/24 MP: 7/12
  1655 | D:2      | Found a runed translucent door.
  1661 | D:2      | Learned a level 4 spell: Fulminant Prism
  1661 | D:2      | Noticed Crazy Yiuf
  1691 | D:3      | Noticed Natasha
  1695 | D:3      | Killed Natasha
  1696 | D:3      | Reached skill level 5 in Spellcasting
  1760 | D:3      | Noticed Sigmund
  1947 | D:3      | Noticed Natasha
  1957 | D:3      | Killed Natasha
  2015 | D:3      | Reached XP level 5. HP: 25/28 MP: 8/14
  2233 | D:3      | Noticed Natasha
  2238 | D:3      | Killed Natasha
  2590 | D:4      | Found a runed translucent door.
  2799 | D:4      | Found Haiphupu's Antique Armour Emporium.
  2918 | D:4      | Reached XP level 6. HP: 32/32 MP: 10/17
  3096 | D:4      | Noticed Gatsu's ghost (amateur HOFi)
  3228 | D:3      | Killed Sigmund
  3657 | D:4      | Reached XP level 7. HP: 36/36 MP: 15/20
  3662 | D:4      | Identified the +9 mace of World Downfall {flame, Will+
                  | SInv}
  3782 | D:5      | Entered Level 5 of the Dungeon
  3859 | D:5      | Found a glowing drain.
  3941 | Sewer    | Entered a sewer
  4965 | D:5      | Noticed a yak
  4972 | D:5      | Reached XP level 8. HP: 41/41 MP: 12/23
  4998 | D:4      | Reached XP level 9. HP: 60/60 MP: 16/24
  5939 | D:5      | Reached skill level 10 in Spellcasting
  6164 | D:5      | Found a staircase to the Ecumenical Temple.
  6176 | Temple   | Entered the Ecumenical Temple
  6337 | Temple   | Became a worshipper of Ashenzari the Shackled
  6606 | D:5      | Found a snail-covered altar of Cheibriados.
  7221 | D:6      | Learned a level 4 spell: Flame Wave
  7224 | D:6      | Learned a level 2 spell: Scorch
  7359 | D:6      | Reached XP level 10. HP: 48/66 MP: 16/26
  7362 | D:6      | Reached skill level 10 in Conjurations
  7678 | D:2      | Killed Crazy Yiuf
  7759 | D:4      | Killed Gatsu's ghost
  7941 | D:7      | Learned a level 5 spell: Fireball
  7961 | D:7      | Reached skill level 1 in Fire Magic
  8017 | D:7      | Identified a scroll of acquirement
  8017 | D:7      | Acquired Poset's Secrets of Summoning and Vitiation
  8025 | D:7      | Learned a level 3 spell: Ignite Poison
  8029 | D:7      | Learned a level 3 spell: Mephitic Cloud
  8229 | D:7      | Reached skill level 1 in Poison Magic
  8823 | D:7      | Found a white marble altar of Elyvilon.
  9216 | D:8      | Reached skill level 5 in Hexes
  9488 | D:8      | Found a blossoming altar of Fedhas.
  9538 | D:8      | Noticed a cane toad
  9543 | D:8      | a cane toad changed into a shapeshifter
  9544 | D:8      | a shapeshifter changed into an entropy weaver
  9544 | D:8      | Noticed an entropy weaver (shapeshifter)
  9551 | D:8      | an entropy weaver changed into a cane toad
  9551 | D:8      | Noticed a cane toad (shapeshifter)
  9783 | D:8      | Found an ancient bone altar of Kikubaaqudgha.
  9790 | D:8      | Found a radiant altar of Vehumet.
 10021 | D:8      | Noticed a great orb of eyes
 10023 | D:8      | a great orb of eyes changed into a tyrant leech
 10309 | D:1      | Bought the amulet of Luotuh {Reflect Int+2 Dex+4 SH+5 SInv
                  | Stlth-} for 524 gold pieces
 10548 | D:9      | Noticed Prince Ribbit
 10564 | D:9      | Killed Prince Ribbit
 10694 | D:9      | Reached XP level 11. HP: 71/71 MP: 17/27
 10874 | D:9      | Found a staircase to the Lair.
 11492 | D:9      | Found a sparkling altar of Nemelex Xobeh.
 11568 | D:10     | Entered Level 10 of the Dungeon
 11941 | D:10     | Reached skill level 5 in Fire Magic
 12264 | D:10     | Found a runed translucent door.
 12267 | D:10     | Noticed a purple ugly thing
 12302 | D:10     | Reached skill level 5 in Poison Magic
 12387 | D:10     | Noticed a catoblepas
 12390 | D:10     | Found a runed translucent door.
 12390 | D:10     | Found a runed translucent door.
 12390 | D:10     | Noticed a two-headed ogre
 12727 | D:11     | Noticed a green ugly thing
 12739 | D:11     | Killed a green ugly thing
 12919 | D:11     | Found a staircase to the Orcish Mines.
 12980 | D:11     | Noticed a tengu warrior
 12995 | D:11     | Reached skill level 1 in Air Magic
 13014 | D:11     | Killed a tengu warrior
 13728 | Lair:1   | Entered Level 1 of the Lair of Beasts
 13901 | Lair:1   | Noticed Erica
 13904 | Lair:1   | Found a dark tunnel.
 13923 | Lair:1   | Noticed Fannar
 13923 | Lair:1   | Killed Erica
 13924 | Lair:1   | Reached skill level 5 in Air Magic
 14085 | Lair:1   | Killed Fannar
 14228 | Volcano  | Entered a volcano
 14713 | Volcano  | Found a bloodstained altar of Trog.
 14886 | Volcano  | Noticed a stone giant
 14977 | Volcano  | Identified the +2 pair of gloves of Pasuy {rN+++ Int+4
                  | Slay-2 Stlth-}
 14985 | Volcano  | Reached XP level 12. HP: 39/77 MP: 19/28
 14990 | Volcano  | HP: 4/115 [stone giant (28)]
 14991 | Volcano  | Slain by a stone giant

Illustrated notes

Levels and vault maps discovered:
D:1:      onia_arrival_mini_spirals, layout_loops_ring, serial_shops, shop
D:2:      layout_rooms, basic_altar, reono_crystal_passage, minmay_tetromino_l2,
          uniq_robin, uniq_jessica, uniq_crazy_yiuf_cottage
D:3:      layout_loops_ring, uniq_sigmund, uniq_natasha
D:4:      layout_rooms, ebering_ghost_sewer_d, nicolae_take_the_stairs,
          grunt_ministairs_6, ebering_dispersal_statue_hall,
          minmay_ogre_servants
D:5:      nicolae_cairo_tiling_large, layout_basic, slow_altar_2,
          minmay_temple_entry_junction_2, portal_sewer_entry_b
D:6:      layout_cave_pools
D:7:      layout_basic, elyvilon_altar_3
D:8:      layout_basic, mainiacjoe_overflow_alcove_1,
          amethyst_overflow_temple_binary, serial_curves, eino_curves_04,
          eino_curves_03, eino_curves_02, eino_curves_02,
          chequers_serial_rivers_micro_a, minmay_misc_feat_doors
D:9:      layout_irregular_city, nemelex_altar_shiori, lair_entry_dummy,
          uniq_prince_ribbit1
D:10:     minmay_the_grid_triangle_9x9_recursive_2
          [minmay_the_grid_triangle_9x9_prize_center,
          minmay_the_grid_triangle_9x9_sparse_checkered,
          minmay_the_grid_triangle_9x9_zippers_vertical,
          minmay_the_grid_triangle_9x9_fully_insulated_deathbox], layout_basic,
          columned_hall_lemuel, minmay_evil_grid
D:11:     layout_rooms, david_orc_3
Temple:   nicolae_temple_bog_church
Lair:1:   layout_small_grid, nicolae_volcano_entry_lava_flow,
          serial_bayou_crossing, lemuel_fruit_tree, uniq_grum, uniq_erica,
          uniq_fannar
Volcano:  volcano_lake [vl_original]

Skill      XL: |  1  2  3  4  5  6  7  8  9 10 11 |
---------------+----------------------------------+-----
Spellcasting   | 4 5 6 7 9 10 | 10.0
Conjurations   | 5 6 7 8 9 10 | 10.0
Fighting       | 8 9 |  9.7
Dodging        | 8 9 |  9.0
Hexes          | 5 6 |  6.0
Fire Magic     | 4 6 |  6.0
Poison Magic   | 4 6 |  6.0
Air Magic      | 6 |  6.0
Stealth        | |  2.4

Action                     |  1- 3 |  4- 6 |  7- 9 | 10-12 || total
---------------------------+-------+-------+-------+-------++-------
  Melee: Unarmed           |     1 |     8 |       |       ||     9
         Mace              |       |       |     9 |    34 ||    43
         Punch             |       |       |       |     1 ||     1
   Cast: Magic Dart        |    50 |    38 |   101 |    73 ||   262
         Searing Ray       |     2 |     8 |    49 |    70 ||   129
         Fulminant Prism   |       |     3 |    12 |    59 ||    74
         Mephitic Cloud    |       |       |       |    13 ||    13
         Ignite Poison     |       |       |       |     9 ||     9
         Fireball          |       |       |       |     4 ||     4
         Scorch            |       |       |       |     2 ||     2
  Evoke: Wand              |       |       |       |     8 ||     8
    Use: Potion            |       |       |     1 |     7 ||     8
         Scroll            |       |       |       |     8 ||     8
   Stab: Distracted        |     1 |       |       |       ||     1
         Sleeping          |       |       |     1 |       ||     1
 Armour: Robe              |     1 |     1 |     7 |    18 ||    27
         Skin              |       |       |       |     7 ||     7
  Dodge: Dodged            |     8 |     8 |    40 |   154 ||   210
         Repelled          |       |       |       |     2 ||     2
  Block: Other             |       |       |       |    30 ||    30
         Reflection        |       |       |       |     3 ||     3
